 Dungeon Crawl Stone Soup version 0.20.1-1-g8b1a95d (webtiles) character file.

2359 KINGKRU the Carver (level 9, 0/78 HPs)
             Began as a Hill Orc Fighter on Nov 3, 2017.
             Was a Believer of Yredelemnul.
             Succumbed to a killer bee's poison
             ... on level 6 of the Dungeon.
             The game lasted 00:45:33 (7633 turns).

KINGKRU the Carver (Hill Orc Fighter)               Turns: 7633, Time: 00:45:34

Health: 0/78       AC: 14    Str: 26    XL:     9   Next: 44%
Magic:  9/9        EV:  6    Int: 13    God:    Yredelemnul [**....]
Gold:   131        SH: 11    Dex: 10    Spells: 8/8 levels left

rFire    . . .     SeeInvis .   a - +3 long sword
rCold    . . .     Gourm    .   c - +0 shield
rNeg     . . .     Faith    .   q - +0 plate armour
rPois    .         Spirit   .   g - +0 helmet
rElec    .         Reflect  .   (no cloak)
rCorr    .         Harm     .   (no gloves)
MR       .....                  (no boots)
Stlth    ..........             (no amulet)
Regen    0.3/turn               f - +4 ring of strength
MPRegen  0.2/turn               (no ring)

@: brilliant, lethally poisoned (0 -> -14)
A: no striking features
a: Animate Remains, Recall Undead Slaves, Injury Mirror, Renounce Religion


You were on level 6 of the Dungeon.
You worshipped Yredelemnul.
Yredelemnul was pleased with you.
You were not hungry.

You visited 1 branch of the dungeon, and saw 7 of its levels.

You collected 246 gold pieces.
You spent 115 gold pieces at shops.

Inventory:

Hand Weapons
 a - a +3 long sword (weapon)
 B - a +2 battleaxe of freezing
Armour
 b - a +0 scale mail
 c - a +0 shield (worn)
 g - a +0 helmet (worn)
 q - a +0 plate armour (worn)
Jewellery
 f - a +4 ring of strength (left hand)
 m - a cursed amulet of inaccuracy
 u - a +3 ring of protection
 w - an uncursed ring of ice
 A - a cursed ring of teleportation {unknown}
Wands
 y - a wand of random effects (20/48)
Scrolls
 d - 2 scrolls of magic mapping
 h - a scroll of blinking
 i - 3 scrolls of immolation
 k - 3 scrolls of identify
 r - 3 scrolls of remove curse
 t - 2 scrolls of fear
 C - a scroll of amnesia
Comestibles
 j - a meat ration
 l - 8 fruits
 o - 2 bread rations
 p - 4 royal jellies


   Skills:
 + Level 6.5 Fighting
 + Level 8.8 Long Blades
 + Level 6.5 Armour
 + Level 1.4 Dodging
 + Level 0.5 Stealth
 + Level 7.7 Shields


You had 8 spell levels left.
You didn't know any spells.

Dungeon Overview and Level Annotations

Branches:
Dungeon (7/15)             Temple (0/1) D:5

Altars:
Elyvilon
Fedhas
Gozag
Qazlal
Vehumet
Xom
Yredelemnul
The Shining One

Shops:
D:4 *

Annotations:
D:3 2 transporters


Message History

* * * LOW HITPOINT WARNING * * *
You feel sick.
The killer bee stings you but does no damage.
The killer bee barely misses you.
You hit the killer bee.
The killer bee is severely wounded.
* * * LOW HITPOINT WARNING * * *
You feel sick. The killer bee stings you.
* * * LOW HITPOINT WARNING * * *
You are more poisoned.
The killer bee poisons you! The killer bee barely misses you.
As you read the scroll of immolation, it crumbles to dust.
The creatures around you are filled with an inner flame!
* * * LOW HITPOINT WARNING * * *
You feel sick. You block the killer bee's attack.
The killer bee stings you but does no damage.
* * * LOW HITPOINT WARNING * * *
You feel sick. You block the killer bee's attack.
You die...
Your body rises from the dead as a mindless zombie.

......#,,,,,,#.....#..........#
......#,,,,,,#.....#..........#
......+,,,,,,#.....#..........#
......#,,..,,#.....#..........###
......#,,...,#.....'.............
#....##,##...*#..###.............
#....##.##...##..#.......#'###...
..†.....#........'.......#...#...
........#.......@#.......#...#...
........#........#.......#...#...
#..##...########y#.[.....#'######
#..##...##....##'######.......#..
.........#.....'......#.......#..
.........#.....#......#.......#..
.........#.....#......#.......#..
.........#....##......#.......###
.........#....##......#......[#..


You could see a killer bee (inner flame).

Vanquished Creatures
  Grinder (D:3)
  Eustachio (D:6)
  Duvessa (D:5)
  An orc warrior (D:6)
  A sky beast (D:6)
  A necrophage (D:5)
  6 ogres
  A phantom (D:4)
  3 centaurs
  Dowan (D:5)
  A wyvern skeleton (D:6)
  2 killer bees (D:6)
  2 crimson imps (D:6)
  A quasit (D:6)
  2 hounds
  2 orc wizards
  2 orc priests
  A bullfrog skeleton (D:6)
  A centaur skeleton (D:6)
  An iron imp (D:5)
  An iguana (D:5)
  A worker ant (D:6)
  A worker ant zombie (D:6)
  A gnoll (D:1)
  8 adders
  3 oozes
  An adder skeleton (D:6)
  2 worms
  3 dart slugs
  4 leopard geckos
  11 orcs
  A ball python (D:1)
  8 bats
  4 giant cockroaches
  10 goblins
  10 hobgoblins
  8 jackals
  3 kobolds (D:2)
  5 quokkas
  6 frilled lizards
  3 goblin zombies (D:5)
  4 hobgoblin zombies (D:5)
  A kobold skeleton (D:5)
  A kobold zombie (D:5)
  An orc skeleton (D:5)
  An orc zombie (D:5)
  7 rats
141 creatures vanquished.

Notes
Turn   | Place    | Note
-------+----------+-------------------------------------------
     0 | D:1      | KINGKRU the Hill Orc Fighter began the quest for the Orb.
     0 | D:1      | Reached XP level 1. HP: 19/19 MP: 1/1
   292 | D:1      | Reached XP level 2. HP: 21/27 MP: 2/2
   640 | D:1      | Reached XP level 3. HP: 24/33 MP: 3/3
   951 | D:1      | Reached skill level 3 in Long Blades
  1064 | D:2      | Reached XP level 4. HP: 31/40 MP: 4/4
  1978 | D:3      | Found a transporter.
  2155 | D:3      | Noticed Grinder
  2166 | D:3      | Paralysed by Grinder for 7 turns
  2186 | D:3      | Reached XP level 5. HP: 13/46 MP: 5/5
  2469 | D:3      | Reached skill level 4 in Long Blades
  2523 | D:3      | Found a radiant altar of Vehumet.
  2560 | D:3      | Paralysed by Grinder for 7 turns
  2571 | D:3      | Killed Grinder
  2571 | D:3      | Reached skill level 1 in Dodging
  2571 | D:3      | Reached XP level 6. HP: 5/53 MP: 6/6
  2602 | D:3      | Found a transporter.
  3305 | D:4      | Found a basalt altar of Yredelemnul.
  3530 | D:4      | Found an opulent altar of Gozag.
  3561 | D:4      | Became a worshipper of Yredelemnul the Dark
  3620 | D:4      | Reached skill level 5 in Long Blades
  3620 | D:4      | Reached skill level 5 in Shields
  3984 | D:4      | Reached XP level 7. HP: 17/60 MP: 7/7
  3986 | D:4      | Reached skill level 5 in Fighting
  4323 | D:4      | Found a blossoming altar of Fedhas.
  4622 | D:4      | Found Dappalit's Assorted Antiques.
  4630 | D:4      | Bought a blackened emerald ring for 115 gold pieces
  4642 | D:5      | Entered Level 5 of the Dungeon
  4660 | D:5      | Found a glowing golden altar of the Shining One.
  4761 | D:5      | Reached * piety under Yredelemnul
  5029 | D:5      | Found a staircase to the Ecumenical Temple.
  5043 | D:5      | Reached skill level 6 in Long Blades
  5043 | D:5      | Reached skill level 5 in Armour
  5095 | D:5      | Noticed Duvessa
  5095 | D:5      | Noticed Dowan
  5119 | D:5      | Killed Duvessa
  5119 | D:5      | Reached XP level 8. HP: 65/68 MP: 8/8
  5136 | D:5      | Killed Dowan
  5475 | D:5      | Reached skill level 7 in Long Blades
  5728 | D:6      | Noticed Eustachio
  5791 | D:6      | Killed Eustachio
  5930 | D:6      | Found a white marble altar of Elyvilon.
  6467 | D:6      | Reached skill level 8 in Long Blades
  6467 | D:6      | Reached XP level 9. HP: 55/75 MP: 9/9
  7126 | D:6      | Reached ** piety under Yredelemnul
  7293 | D:6      | Found a stormy altar of Qazlal.
  7297 | D:6      | Found a shimmering altar of Xom.
  7631 | D:6      | HP: 3/78 [poisoned by a killer bee]
  7633 | D:6      | Succumbed to a killer bee's poison

Skill      XL: |  1  2  3  4  5  6  7  8  9 |
---------------+----------------------------+-----
Long Blades    | 3 4 5 6 8 |  8.8
Shields        | 4 5 7 |  7.7
Fighting       | 4 5 6 |  6.5
Armour         | 4 5 6 |  6.5
Dodging        | 1 |  1.4
Stealth        | |  0.5

Action                   |  1- 3 |  4- 6 |  7- 9 || total
-------------------------+-------+-------+-------++-------
Melee: Long sword        |   112 |   264 |   280 ||   656
  Use: Potion            |     2 |     4 |     7 ||    13
       Scroll            |       |    16 |     6 ||    22
 Stab: Distracted        |       |       |     1 ||     1
  Eat: Bread ration      |     1 |       |       ||     1
       Meat ration       |       |     2 |     1 ||     3
       Fruit             |       |       |     7 ||     7
Armor: Scale mail        |    65 |    23 |       ||    88
       Plate armour      |       |   139 |   168 ||   307
Dodge: Dodged            |    51 |    62 |    76 ||   189
Block: Shield            |    62 |   144 |   185 ||   391
       Rpst.: Long sword |    14 |    19 |    28 ||    61
